 Dungeon Sprint DCSS version 0.21.1-1-g345015f (webtiles) character file.

5300000 Fang the Sabretooth (level 17, -102/104 HPs)
             Began as a Felid Fighter on Apr 12, 2018.
             Was a High Priest of Makhleb.
             Annihilated by a destroyer
             ... wielding a +9 great sword of slicing
              (150 damage)
             ... in the Dungeon (Sprint VIII: "Arena of Blood").
             The game lasted 00:00:58 (53 turns).

Fang the Sabretooth (Felid Fighter)                   Turns: 53, Time: 00:00:59

Health: -102/104   AC:  3    Str: 18    XL:     17   Next: 96%
Magic:  49/49      EV: 39    Int: 11    God:    Makhleb [*****.]
Gold:   0          SH:  0    Dex: 16    Spells: 70/70 levels left
                                        Lives:  0   Deaths: 4

rFire    . . .     SeeInvis +     - Unarmed
rCold    + . .     Gourm    .   (shield unavailable)
rNeg     . . .     Faith    .   (armour unavailable)
rPois    .         Spirit   .   (helmet unavailable)
rElec    .         Reflect  .   (cloak unavailable)
rCorr    .         Harm     .   (gloves unavailable)
MR       ++...     NoTele   +   (boots unavailable)
Stlth    +++++++++.             (no amulet)
HPRegen  0.27/turn              i - +27000 ring of slaying
MPRegen  0.31/turn              (no ring)

@: quick
A: very small, no armour, no weapons or thrown items, stealth, claws 1, fangs 3,
see invisible, carnivore, speed 1, shaggy fur 3, slow metabolism 1, sharp paws
a: Minor Destruction, Lesser Servant of Makhleb, Major Destruction, Greater
Servant of Makhleb, Renounce Religion


You were in the Dungeon.
You worshipped Makhleb.
Makhleb was extremely pleased with you.
You were not hungry.

You visited 1 branch

Inventory:

Jewellery
 i - a +27000 ring of slaying (left paw)
Scrolls
 h - a scroll of blinking
Potions
 a - a potion of might
 c - a potion of curing
 d - a potion of heal wounds
 e - a potion of haste
 f - 2 potions of magic
 g - a potion of berserk rage
Comestibles
 b - a ration


   Skills:
 O Level 27 Fighting
 O Level 27 Dodging
 O Level 27 Stealth
 O Level 27 Unarmed Combat
 O Level 27 Spellcasting
 O Level 27 Invocations


You had 70 spell levels left.
You didn't know any spells.

Dungeon Overview and Level Annotations

Branches:
Dungeon (1/1)

Altars:
Makhleb


Innate Abilities, Weirdness & Mutations

You cannot wear armour.
You are incapable of wielding weapons or throwing items.
Your paws allow you to move quietly. (Stealth)
You have sharp claws.
You have razor-sharp teeth.
You have supernaturally acute eyesight. (SInv)
You are carnivorous and can eat meat at any time.
You cover ground quickly.
Your thick and shaggy fur keeps you warm. (AC +3, rC+)
You have a slow metabolism.
Your sharp claws are effective at attacking unaware monsters.


Message History

You kill the meat berserker!
Makhleb accepts your kill.
You feel better.
You hear a shout!
Unknown command.
An orc and a skeletal warrior come into view.
You hear a shout!
The destroyer blinks!
The bag of meat moves out of view.
You hear a shout!
The meat berserker rages.
The bag of meat hits you with a +9 war axe.
You hear a shout!
The accursed gestures at you while chanting.
Something smites you!
The corpses begin to drag themselves along the ground!
You hear a shout! x3
The destroyer blinks!
The destroyer hits you with a +9 great sword of slicing!!!!!
Ouch! That really hurt!
You die...

.##.##.......o
.....oo........ยง...oo
#.....oo...#.#.....O
#....O.......V.....####.
.#...o......V.....O.o.o.
..#O..o...............z.
..o..ooo......o..xo.o...
....OOo....o..OV@oM..z..
.V..O)#....o..#.V.x.....
#.....#.......#..Ooo....
..oO###..o..o.###oV.....
Oo.......###o..o.o......
.#........_Ooooo....O...
......#)ooOO#...o...#.#
.... #_)o)_# .........
.... #).oo.# ..o.#.#.


You could see an accursed, 5 destroyers, 2 sculptors of flesh, 3 large bags of
meat, 2 meat berserkers, 17 bags of meat and 2 crawling corpses.

Vanquished Creatures
  2 vampire knights (D)
  7 ogres (D)
  10 orcs (D)
19 creatures vanquished.

Notes
Turn   | Place    | Note
-------+----------+-------------------------------------------
     0 | D        | Fang the Felid Fighter began the quest for the Orb.
     0 | D        | Reached XP level 1. HP: 10/10 MP: 2/2
     3 | D        | Noticed a bag of meat
     3 | D        | Noticed a bag of meat
     3 | D        | Noticed a bag of meat
     4 | D        | Noticed a bag of meat
     4 | D        | Noticed a bag of meat
     5 | D        | Noticed a bag of meat
     6 | D        | Became a worshipper of Makhleb the Destroyer
     7 | D        | Noticed a bag of meat
     7 | D        | Noticed a bag of meat
     9 | D        | Killed a bag of meat
     9 | D        | Reached XP level 2. HP: 24/24 MP: 3/3
     9 | D        | Reached XP level 3. HP: 28/28 MP: 4/4
     9 | D        | Reached XP level 4. HP: 32/32 MP: 5/5
     9 | D        | Reached XP level 5. HP: 36/36 MP: 6/6
     9 | D        | Gained mutation: You are covered in thick fur. (AC +2) [Felid growth]
     9 | D        | Reached XP level 6. HP: 40/40 MP: 7/7
     9 | D        | Reached XP level 7. HP: 43/43 MP: 8/8
     9 | D        | Reached XP level 8. HP: 48/48 MP: 9/9
     9 | D        | Reached XP level 9. HP: 51/51 MP: 10/10
     9 | D        | Reached XP level 10. HP: 55/55 MP: 11/11
     9 | D        | Reached XP level 11. HP: 59/59 MP: 12/12
    11 | D        | Killed a bag of meat
    11 | D        | Reached * piety under Makhleb
    11 | D        | Reached skill level 15 in Fighting
    11 | D        | Gained mutation: Your thick and shaggy fur keeps you warm. (AC +3, rC+) [Felid growth]
    11 | D        | Reached XP level 12. HP: 66/66 MP: 13/13
    12 | D        | Killed a bag of meat
    12 | D        | Reached XP level 13. HP: 72/72 MP: 14/14
    13 | D        | Noticed a meat berserker
    13 | D        | Killed a bag of meat
    13 | D        | Reached skill level 27 in Unarmed Combat
    13 | D        | Reached XP level 14. HP: 78/78 MP: 15/15
    14 | D        | Noticed a bag of meat
    14 | D        | Noticed a meat berserker
    15 | D        | Killed a bag of meat
    15 | D        | Reached ** piety under Makhleb
    16 | D        | Noticed a meat berserker
    17 | D        | Killed a bag of meat
    17 | D        | Reached XP level 15. HP: 87/87 MP: 16/16
    18 | D        | Noticed a meat berserker
    18 | D        | Reached skill level 27 in Dodging
    20 | D        | Noticed a meat berserker
    20 | D        | Killed a meat berserker
    20 | D        | Reached *** piety under Makhleb
    20 | D        | Reached skill level 27 in Fighting
    20 | D        | Reached XP level 16. HP: 36/100 MP: 17/17
    20 | D        | HP: 3/100 [meat berserker/+9 battleaxe (33)]
    21 | D        | Annihilated by a meat berserker
    22 | D        | Reached XP level 15. HP: -61/95 MP: 16/16
    22 | D        | Noticed a meat berserker
    23 | D        | Noticed a meat berserker
    23 | D        | Noticed a large bag of meat
    24 | D        | Noticed a meat berserker
    26 | D        | Noticed a meat berserker
    27 | D        | Noticed a meat berserker
    27 | D        | Noticed a meat berserker
    27 | D        | Annihilated by a meat berserker
    27 | D        | Noticed a destroyer
    27 | D        | Noticed a large bag of meat
    28 | D        | Reached XP level 14. HP: -23/91 MP: 16/30
    28 | D        | Noticed a bag of meat
    28 | D        | Noticed a bag of meat
    28 | D        | Noticed a meat berserker
    29 | D        | Noticed a bag of meat
    29 | D        | Killed a meat berserker
    29 | D        | Reached skill level 15 in Spellcasting
    29 | D        | Reached XP level 15. HP: 95/95 MP: 30/35
    30 | D        | Noticed a meat berserker
    30 | D        | Noticed a destroyer
    32 | D        | Killed a meat berserker
    32 | D        | Reached **** piety under Makhleb
    32 | D        | Reached skill level 27 in Stealth
    32 | D        | Reached XP level 16. HP: 100/100 MP: 30/40
    33 | D        | Noticed a large bag of meat
    34 | D        | Noticed a meat berserker
    34 | D        | Killed a destroyer
    34 | D        | Reached XP level 17. HP: 104/104 MP: 31/45
    36 | D        | Noticed a meat berserker
    36 | D        | Noticed a destroyer
    36 | D        | Killed a meat berserker
    36 | D        | Reached skill level 27 in Invocations
    37 | D        | Noticed a meat berserker
    38 | D        | Reached skill level 27 in Spellcasting
    38 | D        | Reached XP level 18. HP: 107/109 MP: 31/50
    40 | D        | Killed a meat berserker
    40 | D        | Reached ***** piety under Makhleb
    41 | D        | Killed a destroyer
    41 | D        | Reached XP level 19. HP: 113/113 MP: 32/51
    43 | D        | Killed a meat berserker
    44 | D        | Noticed a destroyer
    44 | D        | Mangled by a meat berserker
    45 | D        | Reached XP level 18. HP: -6/109 MP: 33/50
    45 | D        | Noticed a destroyer
    45 | D        | Noticed a large bag of meat
    45 | D        | Noticed a destroyer
    45 | D        | Noticed a destroyer
    46 | D        | Noticed a destroyer
    48 | D        | Noticed a meat berserker
    49 | D        | Noticed an accursed
    49 | D        | Annihilated by a destroyer
    50 | D        | Reached XP level 17. HP: -102/104 MP: 49/49
    50 | D        | Noticed a large bag of meat
    51 | D        | Noticed a sculptor of flesh
    51 | D        | Noticed a meat berserker
    51 | D        | Noticed a meat berserker
    51 | D        | Noticed a destroyer
    52 | D        | Killed a meat berserker
    53 | D        | Noticed a sculptor of flesh
    53 | D        | Annihilated by a destroyer

Skill      XL: |  1  2  3  4  5  6  7  8  9 10 11 12 13 14 15 16 17 |
---------------+----------------------------------------------------+-----
Fighting       | 13 15 17 18 22 27 | 27.0
Dodging        | 16 19 20 22 26 27 | 27.0
Unarmed Combat | 21 23 25 27 | 27.0
Stealth        | 22 27 | 27.0
Spellcasting   | 15 19 23 27 | 27.0
Invocations    | 16 20 24 27 | 27.0

Action                   |  1- 3 |  4- 6 |  7- 9 | 10-12 | 13-15 | 16-18 | 19-21 || total
-------------------------+-------+-------+-------+-------+-------+-------+-------++-------
Melee: Unarmed           |     1 |       |       |     2 |     9 |     7 |     1 ||    20
Dodge: Dodged            |       |       |       |       |     1 |     1 |     3 ||     5
